 Dungeon Crawl Stone Soup version 0.24-a0-180-g654ca03 (webtiles) character file.

Game seed: 6261830750436993483

46 CloudKeeper the Skirmisher (level 3, -2/30 HPs)
             Began as a Formicid Abyssal Knight on Mar 13, 2019.
             Was a Follower of Lugonu.
             Slain by a worm (6 damage)
             ... on level 2 of the Dungeon.
             The game lasted 00:04:10 (1041 turns).

CloudKeeper the Skirmisher (FoAK)                   Turns: 1041, Time: 00:04:10

Health: -2/30      AC:  3    Str: 17    XL:     3   Next: 92%
Magic:  4/4        EV: 11    Int: 11    God:    Lugonu [*.....]
Gold:   69         SH:  0    Dex: 10    Spells: 2/2 levels left

rFire    . . .     SeeInvis +   j - +1 dagger (speed)
rCold    . . .     Gourm    .   (no shield)
rNeg     . . .     Faith    .   b - +0 leather armour
rPois    .         Spirit   .   (helmet unavailable)
rElec    .         Reflect  .   (no cloak)
rCorr    .         Harm     .   (no gloves)
MR       .....                  (no boots)
Stlth    +.........             (no amulet)
HPRegen  0.10/turn              (no ring)
MPRegen  0.09/turn              (no ring)

@: lethally poisoned (-2 -> -4)
A: permanent stasis, dig shafts and tunnels, four strong arms, antennae 3
a: Dig, Shaft Self, Depart the Abyss, Renounce Religion


You were on level 2 of the Dungeon.
You worshipped Lugonu.
Lugonu was aware of your devotion.
You were hungry.

You visited 1 branch of the dungeon, and saw 2 of its levels.
You visited the Abyss 1 time.

You collected 69 gold pieces.

Inventory:

Hand Weapons
 a - a +1 hand axe
 j - a +1 dagger of speed (weapon)
Armour
 b - a +0 leather armour (worn)
Scrolls
 f - a scroll of teleportation {unknown}
 g - a scroll of immolation {unknown}
 h - a scroll of identify {unknown}
Potions
 d - 2 potions of heal wounds {unknown}
 e - a potion of magic {unknown}
 i - a potion of might {unknown}
Comestibles
 c - 3 rations


   Skills:
 + Level 3.9 Fighting
 + Level 0.2 Short Blades
 - Level 2.4 Axes
 + Level 2.6 Armour
 + Level 1.0 Dodging
 * Level 1.1 Stealth
 + Level 2.5 Invocations


You had 2 spell levels left.
You didn't know any spells.
Your spell library was empty.

Dungeon Overview and Level Annotations

Branches:
Dungeon (2/15)

Altars:
Okawaru


Innate Abilities, Weirdness & Mutations

You cannot be hasted, slowed, berserked, paralysed or teleported.
You can dig through walls and to a lower floor.
Your four strong arms can wield two-handed weapons with a shield.
You have a pair of large antennae on your head. (SInv)


Message History

You hit the adder.
The adder is almost dead.
The adder bites you.
* * * LOW HITPOINT WARNING * * *
You closely miss the adder.
The adder is almost dead.
The adder barely misses you.
You hit the adder.
You kill the adder!
Lugonu accepts your kill.
Your Stealth skill increases to level 1!
You feel sick.
You barely miss the worm.
The worm is lightly wounded.
You hit the worm.
The worm is lightly wounded.
You barely miss the worm.
The worm is lightly wounded.
The worm bites you.
You die...

#.############
#.##..........
#.##..%.......
#.##..........
#.##.........#
#.##.........#
#.##.........#
..####.##.........#
........@w..........
######.####.##.........#
#........##.####+##.#..#
####.##...#.##.# .# .#
##.........#..... # #
#...........# ...
#...####.#..#....
#...........#...
.........#..#


You could see a worm.

Vanquished Creatures
  An adder (D:2)
  A giant cockroach (D:2)
  10 goblins
  2 hobgoblins (D:1)
  A jackal (D:1)
  A quokka (D:2)
  2 ball pythons
  3 bats (D:1)
  2 frilled lizards (D:1)
  6 kobolds (D:1)
  6 rats
35 creatures vanquished.

Notes
Turn   | Place    | Note
-------+----------+-------------------------------------------
     0 | Abyss:1  | CloudKeeper the Formicid Abyssal Knight began the quest for
                  | the Orb.
     0 | Abyss:1  | Reached XP level 1. HP: 18/18 MP: 2/2
    53 | Abyss:1  | Noticed a spatial maelstrom
    72 | Abyss:1  | Noticed a smoke demon
    75 | D:1      | Escaped the Abyss
    92 | D:1      | Found an iron altar of Okawaru.
    94 | D:1      | You fall through a shaft!
   189 | D:2      | Reached * piety under Lugonu
   294 | D:2      | Reached XP level 2. HP: 10/24 MP: 3/3
   524 | D:1      | Reached XP level 3. HP: 21/30 MP: 4/4
   559 | D:1      | Reached skill level 1 in Dodging
  1038 | D:2      | Reached skill level 1 in Stealth
  1041 | D:2      | Slain by a worm

Levels and vault maps discovered:
D:1:      wander_arrival_abandoned_jail, layout_rooms, st_stairs_7,
          palyth_stone_intersect, minivault_19, okawaru_ov_weapons_minmay
D:2:      layout_basic, old_standard_altar
Abyss:1:  evilmike_abyss_exit_vortex

Skill      XL: |  1  2  3 |
---------------+----------+-----
Dodging        | 1 |  1.0
Stealth        | 1 |  1.1
Fighting       | |  3.9
Short Blades   | |  0.2
Axes           | |  2.4
Armour         | |  2.6
Invocations    | |  2.5

Action                   || total
-------------------------++-------
Melee: Hand axe          ||    69
       Dagger            ||    45
Invok: Depart the Abyss  ||     1
Armor: Leather armour    ||    25
Dodge: Dodged            ||    56

Table legend:
 A = Non-vault XP
 B = Vault XP
 C = Vault XP percentage of total XP
 D = Non-vault monster count
 E = Vault monster count
 F = Vault count percentage of total count
                 A         B        C        D         E       F
            +---------+---------+-------+---------+---------+-------
      Total |      64 |       2 |   3.0 |      34 |       1 |   2.9
            +---------+---------+-------+---------+---------+-------
        D:1 |      39 |       2 |   4.9 |      26 |       1 |   3.7
        D:2 |      25 |       0 |   0.0 |       8 |       0 |   0.0
            +---------+---------+-------+---------+---------+-------
